Map: Dusk Towers

Players

Crescendo - Winner!

  • Race: Zerg Zerg
  • League: Gold

Ukoter

  • Race: Zerg Zerg
  • League: Diamond

VOD

Have the link to the VOD?

Description

A roach/speedling all in off one and a half base saturation

Time

  • Played on: Nov. 13, 2015, 3:17 a.m.
  • Length: 5:36
Show
View Real Time Build Order
Export as new Build Order

Crescendo Zerg - Winner!

Build Orders: Hatch First 

Get SALT Encoding   

  12  0:02  Drone  
  13  0:11  Drone  
  14  0:18  Overlord  
  14  0:38  Drone x2  
  14  0:39  Drone  
  17  0:58  Hatchery, Drone  
  17  1:11  Spawning Pool  
  16  1:14  Drone  
  17  1:20  Extractor  
  17  1:23  Drone  
  17  1:24  Drone  
  18  1:32  Drone  
  19  1:43  Drone  
  20  1:54  Overlord  
  20  2:00  Queen  
  22  2:12  Roach Warren  
  22  2:15  Drone x3  
  23  2:19  Queen  
  23  2:22  Drone  
  27  2:26  Drone  
  28  2:33  Drone  
  30  2:37  Drone  
  30  2:43  Drone  
  31  2:47  Drone  
  32  2:54  Overlord  
  32  3:08  Overlord  
  32  3:11  Roach x2  
  36  3:13  Roach x2  
  36  3:16  Roach  
  42  3:33  Roach x3  
  48  3:35  Metabolic Boost  
  48  3:36  Zergling x2  
  49  3:43  Overlord  
  49  3:44  Overlord  
  49  3:47  Zergling x4  
  51  3:55  Overlord  
  51  4:01  Roach  
  51  4:02  Roach x2  
  57  4:05  Zergling x4  
  59  4:12  Zergling x2  
  59  4:13  Zergling x6  
  63  4:18  Overlord  
  63  4:32  Zergling x8  
  67  4:40  Roach x2  
  71  4:46  Overlord  
  71  4:49  Overlord  
  71  4:50  Roach x3  
  71  5:05  Roach  
  71  5:19  Zergling x2  
Show
View Real Time Build Order
Export as new Build Order

Ukoter Zerg 

Build Orders: Hatch First 

Get SALT Encoding   

  12  0:00  Drone  
  13  0:12  Overlord  
  13  0:17  Drone  
  14  0:32  Drone x2  
  16  0:37  Drone  
  17  0:54  Hatchery  
  17  0:56  Drone  
  17  1:00  Extractor  
  17  1:02  Drone  
  17  1:16  Spawning Pool  
  16  1:19  Drone  
  16  1:22  Drone  
  18  1:29  Drone  
  19  1:38  Overlord  
  19  1:53  Drone  
  20  2:03  Metabolic Boost  
  20  2:05  Queen  
  20  2:06  Queen  
  24  2:08  Zergling x2  
  24  2:12  Drone  
  26  2:16  Zergling x2  
  26  2:19  Drone  
  28  2:26  Baneling Nest  
  27  2:32  Drone  
  27  2:33  Drone  
  29  2:41  Drone x2  
  31  2:46  Queen  
  33  2:53  Drone  
  33  2:54  Drone  
  35  3:01  Lair  
  35  3:08  Extractor  
  35  3:09  Overlord  
  34  3:14  Drone x2  
  35  3:32  Roach Warren  
  34  3:40  Drone x7  
  41  3:44  Extractor  
  41  3:45  Evolution Chamber  
  39  3:59  Overlord x2  
  39  4:08  Overlord  
  39  4:15  Roach  
  39  4:16  Roach  
  43  4:20  Roach x6  
  55  4:32  Drone x2  
  55  4:33  Drone x2  
  58  4:48  Ravager  
  58  4:49  Overlord  
  53  5:08  Roach x7  
  67  5:15  Roach x3  
Tags
 
Add a new tag
Caveats
  • Supply blocks, unpowered buildings, or Contaminate may cause inaccurate times.
  • Supply counts are checked every 10 seconds.